 Dungeon Crawl Stone Soup version 0.24-a0-537-g2d01d4ab0a (console) character file.

Game seed: 17315882380029600664

7 Apatiregn the Skirmisher (level 2, -2/26 HPs)
             Began as a Ghoul Monk on Aug 14, 2019.
             Slain by a kobold (3 damage)
             ... on level 1 of the Dungeon.
             The game lasted 00:08:26 (262 turns).

Apatiregn the Skirmisher (Ghoul Monk)                Turns: 262, Time: 00:08:26

Health: -2/26      AC:  2    Str: 14    XL:     2   Next: 4%
Magic:  1/1        EV: 13    Int:  5    God:
Gold:   0          SH:  0    Dex: 11    Spells: 1/1 levels left

rFire    + . .     SeeInvis .     - Unarmed
rCold    + . .     Gourm    .   (no shield)
rNeg     + + +     Faith    .   a - +0 robe
rPois    ∞         Spirit   .   (no helmet)
rElec    .         Reflect  .   (no cloak)
rCorr    .         Harm     .   (no gloves)
MR       .....                  (no boots)
Stlth    ++........             (no amulet)
HPRegen  0.00/turn              e - ring of protection from fire
MPRegen  0.07/turn              (no ring)

@: about to teleport, flying, rotting
A: rotting body, claws 1, carnivore, cold resistance 1, negative energy
resistance 3, inhibited regeneration, torment resistance, unbreathing
a: no special abilities


You were on level 1 of the Dungeon.
You were not hungry.

You visited 1 branch of the dungeon, and saw 1 of its levels.

Inventory:

Armour
 a - a +0 robe (worn)
Jewellery
 e - a ring of protection from fire (left claw)
 f - a cursed ring of teleportation {unknown}
Scrolls
 g - a scroll of magic mapping {unknown}
Comestibles
 b - a ration
 h - 3 chunks of flesh


   Skills:
 * Level 3.4 Fighting
 + Level 2.9 Dodging
 + Level 2.3 Stealth
 + Level 3.3 Unarmed Combat


You had one spell level left.
You didn't know any spells.
Your spell library was empty.

Dungeon Overview and Level Annotations

Branches:
Dungeon (1/15)

Altars:


Innate Abilities, Weirdness & Mutations

Your body is rotting away.
You thrive on raw meat.
You are immune to poison.
You have sharp fingernails.
You are carnivorous and can eat meat at any time.
Your flesh is cold resistant. (rC+)
You are immune to negative energy. (rN+++)
You do not regenerate when monsters are visible.
You are immune to unholy pain and torment.
You can survive without breathing.


Message History

Welcome back, Apatiregn the Ghoul Monk.
Press ? for a list of commands and other information.
You scratch the kobold but do no damage.
The kobold hits you. The frilled lizard bites you.
You barely miss the kobold. The kobold hits you.
* * * LOW HITPOINT WARNING * * *
The frilled lizard bites you.
* * * LOW HITPOINT WARNING * * *
It was a potion of flight.
You feel very buoyant.
You fly up into the air.
The kobold hits you but does no damage.
The frilled lizard bites you but does no damage.
As you read the scroll labeled QUIPOF ENOTU, it crumbles to dust.
It is a scroll of identify.
d - a scroll of teleportation The kobold closely misses you.
The frilled lizard bites you.
* * * LOW HITPOINT WARNING * * *
As you read the scroll of teleportation, it crumbles to dust.
You feel strangely unstable. The kobold hits you.
You die...

#.# #........≈≈≈≈.≈≈
#.###...)....≈≈≈≈.≈≈
#...'....÷...≈≈≈≈.≈≈
#####........≈≈≈≈.≈≈
#........≈≈≈≈...
#..............≈
###'####.≈≈≈≈≈.≈
#######'####.≈≈≈≈≈.≈
.......@)....≈≈≈≈≈.≈
#####..lK.##.≈≈≈≈≈.≈
#......#........
#....#...##..###
###.##..## .## #.#
.# #.# +# #!.


You could see a kobold and a frilled lizard.

Vanquished Creatures
  A ball python (D:1)
  A giant cockroach (D:1)
  A frilled lizard (D:1)
  3 goblins (D:1)
  A kobold (D:1)
  A rat (D:1)
8 creatures vanquished.

Notes
Turn   | Place    | Note
-------+----------+-------------------------------------------
     0 | D:1      | Apatiregn the Ghoul Monk began the quest for the Orb.
     0 | D:1      | Reached XP level 1. HP: 19/19 MP: 0/0
   257 | D:1      | Reached XP level 2. HP: 13/26 MP: 1/1
   261 | D:1      | HP: 1/26 [frilled lizard (1)]
   262 | D:1      | Slain by a kobold

Levels and vault maps discovered:
D:1:      noname_arrival_rooms_in_the_neighbourhood, layout_basic, minivault_14

Action                   || total
-------------------------++-------
Melee: Unarmed           ||    22
  Use: Scroll            ||     2
       Potion            ||     1
  Eat: Chunk             ||     1
Armor: Robe              ||     3
Dodge: Dodged            ||    10

Table legend:
 A = Non-vault XP
 B = Vault XP
 C = Vault XP percentage of total XP
 D = Non-vault monster count
 E = Vault monster count
 F = Vault count percentage of total count
                 A         B        C        D         E       F
            +---------+---------+-------+---------+---------+-------
      Total |      11 |       0 |   0.0 |       8 |       0 |   0.0
            +---------+---------+-------+---------+---------+-------
        D:1 |      11 |       0 |   0.0 |       8 |       0 |   0.0
            +---------+---------+-------+---------+---------+-------
